 Dungeon Crawl Stone Soup version 0.30-b1-2-g02819fbbbe (webtiles) character file.

Game seed: 2999629765027628769

37613 LLlMATKO the Fighter (level 13, 0/122 HPs)
             Began as a Minotaur Berserker on Sept 18, 2023.
             Was a High Priest of Trog.
             Slain by a 16-headed hydra (5 damage)
             ... on level 5 of the Lair of Beasts.
             The game lasted 00:14:16 (17614 turns).

LLlMATKO the Fighter (Minotaur Berserker)          Turns: 17614, Time: 00:14:16

Health: 0/122      AC: 18    Str: 22    XL:     13   Next: 59%
Magic:  0/12       EV: 14    Int:  4    God:    Trog [*****.]
Gold:   800        SH:  8    Dex: 12    Spells: 12/12 levels left

rFire   . . .        G - +2 hand axe of Irritation {spect, rPois rC- Str-3 SInv}
rCold   . . .        s - +1 buckler
rNeg    . . .        N - +4 scale mail
rPois   +            (helmet restricted)
rElec   .            D - +0 cloak
rCorr   .            M - +0 pair of gloves
SInv    +            T - +0 pair of boots
Will    ++...        H - amulet of guardian spirit Stlth
                     I - ring of poison resistance
HPRegen 1.40/turn    p - ring of protection from cold
MPRegen 0.13/turn

%: guardian spirit
@: about to teleport, strong-willed (expiring), on berserk cooldown,
regenerating (expiring), slowed, studying Long Blades, very slow
A: horns 2, retaliatory headbutt
a: Renounce Religion, Berserk, Trog's Hand, Brothers in Arms


You were on level 5 of the Lair of Beasts.
You worshipped Trog.
Trog was extremely pleased with you.
You visited 2 branches of the dungeon, and saw 14 of its levels.
You visited the Abyss 1 time.
You also visited: Sewer.

You collected 858 gold pieces.
You spent 58 gold pieces at shops.

Inventory:

Hand Weapons
 a - a +1 vampiric hand axe
 r - a +0 heavy war axe
 E - a +3 hand axe
 G - the +2 hand axe of Irritation (weapon) {spect, rPois rC- Str-3 SInv}
   (You found it on level 7 of the Dungeon)

   Str:       It affects your strength (-3).
   rC:        It makes you vulnerable to cold.
   rPois:     It protects you from poison.
   SInv:      It lets you see invisible.
 V - a +3 broad axe
Missiles
 h - 2 throwing nets
 t - 44 poisoned darts
 v - a curare-tipped dart (quivered)
 O - 2 silver javelins
Armour
 s - a +1 buckler (worn)
 D - a +0 cloak (worn)
 M - a +0 pair of gloves (worn)
 N - a +4 scale mail (worn)
 T - a +0 pair of boots (worn)
Jewellery
 p - a ring of protection from cold (right hand)
 y - a ring of see invisible
 B - a ring of fire
 H - an amulet of guardian spirit (around neck)
 I - a ring of poison resistance (left hand)
 K - a +6 ring of strength
Wands
 u - a wand of mindburst (16)
 C - a wand of flame (23)
 F - a wand of iceblast (19)
 J - a wand of light (7)
 Q - a wand of charming (5)
Scrolls
 c - 6 scrolls of teleportation
 d - 7 scrolls of identify
 k - 3 scrolls of fog
 w - 3 scrolls of enchant weapon
 L - 2 scrolls of poison
 P - a scroll of magic mapping
 R - 3 scrolls of amnesia {unknown}
 S - 4 scrolls of noise {unknown}
 U - a scroll of silence
 W - a scroll of enchant armour
Potions
 b - 6 potions of heal wounds
 e - 2 potions of might {unknown}
 f - 2 potions of cancellation {unknown}
 g - 8 potions of curing {unknown}
 i - a potion of degeneration {unknown}
 j - 4 potions of ambrosia {unknown}
 l - a potion of brilliance {unknown}
 m - 2 potions of lignification {unknown}
 n - 2 potions of magic {unknown}
 o - 3 potions of haste
 q - a potion of resistance
 x - 2 potions of berserk rage
 z - 2 potions of flight {unknown}
 A - 5 potions of mutation {unknown}


   Skills:
 + Level 13.3 Fighting
 + Level 13.3 Axes
 + Level 13.0 Armour
 + Level 12.0 Dodging
 + Level 12.3 Shields


You had 12 spell levels left.
You didn't know any spells.
Your spell library was empty.

Dungeon Overview and Level Annotations

Branches:
Dungeon (9/15)             Temple (0/1) D:6            Lair (5/5) D:9
  Swamp (0/4) Lair:2       Spider (0/4) Lair:3        Slime (0/5) Lair:4
  Sewer (visited)
    Orc: D:9-12

Altars:
Ashenzari
Dithmenos
Elyvilon
Fedhas
Gozag
Hepliaklqana
Makhleb
Nemelex Xobeh
Okawaru
Qazlal
Ru
Sif Muna
Trog
Uskayaw
Vehumet
Wu Jian
Zin
Jiyva

Shops:
D:1 [


Innate Abilities, Weirdness & Mutations

You have a pair of horns on your head.
You reflexively headbutt those who attack you in melee.


Message History

The 16-headed hydra bites you.
* * * LOW HITPOINT WARNING * * *
The 16-headed hydra misses you.
You block the 16-headed hydra's attack. x2
The 16-headed hydra bites you.
* * * LOW HITPOINT WARNING * * *
You block the 16-headed hydra's attack. The 16-headed hydra closely misses you.
The 16-headed hydra bites you but does no damage. x2
The yak gores you but does no damage. x2; The 16-headed hydra misses you.
You furiously retaliate!
You headbutt the 16-headed hydra. The 16-headed hydra barely misses you.
The 16-headed hydra closely misses you. You block the 16-headed hydra's attack.
The 16-headed hydra bites you but does no damage.
The 16-headed hydra completely misses you.
The 16-headed hydra bites you but does no damage.
The 16-headed hydra barely misses you. The 16-headed hydra closely misses you.
The 16-headed hydra bites you.
* * * LOW HITPOINT WARNING * * *
The 16-headed hydra bites you but does no damage.
The 16-headed hydra bites you!
* * * LOW HITPOINT WARNING * * *
The 16-headed hydra bites you but does no damage.
The 16-headed hydra misses you. The 16-headed hydra barely misses you.
The 16-headed hydra bites you but does no damage.
Unknown command.
Unknown command.
Unknown command.
Unknown command.
The yak attacks as you move away!
The yak gores you but does no damage. x2
You block the yak's attack. The yak closely misses you.
You furiously retaliate!
You headbutt the yak!
You see here an elephant corpse.
Unknown command.
Unknown command.
Unknown command.
Unknown command.
The 16-headed hydra attacks as you move away!
You block the 16-headed hydra's attack. The 16-headed hydra bites you.
* * * LOW HITPOINT WARNING * * *
The 16-headed hydra bites you.
You die...

##.#..............
##.##..............
##.#................
#..........#..P##...
#####......#P.#####**#.
##.##......##### ##
#P.........# *#
##....Y...P# *#.
#*#...YD@.### ***P.
#.#...YY.## *,,P.
*#....Y#### *,,..
###...§..# *** *,,..
##......# *,***,,..
#.††....# **,,,,,..
*#.......# **,,,,,..
#......Y## ***,,,,,,..
*** ##.......#*
**,,,,,,,,,P


You could see a 16-headed hydra, 2 elephants and 3 yaks.

Vanquished Creatures
  Snorg (Lair:3)
  8 hydras
  Erica (D:8)
  2 two-headed ogres
  Sonja (Lair:1)
  A manticore (Lair:4)
  9 elephants
  4 black mambas
  Joseph (D:8)
  6 rime drakes
  11 komodo dragons
  12 cane toads
  An unseen horror (D:7)
  2 kobold demonologists (D:9)
  2 polar bears
  Grinder (D:4)
  A hornet (D:7)
  17 blink frogs
  6 dream sheep (Lair:2)
  The ghost of NimIero the Firebug, an amateur OpFE (D:5)
  6 slime creatures
  3 culicivoras (Lair:3)
  5 yaks
  3 wyverns
  Eustachio (D:4)
  4 vampire mosquitoes (Lair:2)
  Grum (D:8)
  A basilisk (Lair:4)
  A redback (Lair:3)
  A steam dragon (D:6)
  Menkaure (D:4)
  10 water moccasins
  2 ice beasts
  2 sky beasts
  An orc warrior (D:8)
  A black bear (Lair:2)
  An ogre (D:7)
  19 wolves
  2 centaurs (Lair:2)
  A phantom (D:4)
  Blork the orc (D:5)
  A kobold brigand (D:9)
  A gnoll sergeant (D:6)
  11 bullfrogs
  5 scorpions
  6 wights
  8 killer bees
  5 howler monkeys
  2 jellies
  4 orc priests
  Crazy Yiuf (D:5)
  9 hounds
  3 sleepcaps
  4 iguanas
  7 orc wizards
  11 gnolls
  6 river rats (Sewer)
  9 adders
  A shadow imp (D:8)
  An ufetubus (D:6)
  2 worms
  A dart slug (D:1)
  26 orcs
  4 bats
  8 endoplasms
  8 giant cockroaches
  5 goblins
  6 hobgoblins
  2 jackals (D:4)
  26 kobolds
  5 quokkas
  14 ball pythons
  3 frilled lizards
  21 rats
  A butterfly (Lair:4)
382 creatures vanquished.

Vanquished Creatures (collateral kills)
  An elephant (Lair:5)
  A yak (Lair:5)
2 creatures vanquished.

Vanquished Creatures (others)
  13 fungi
  23 plants
  A spectral weapon (D:8)
37 creatures vanquished.

Grand Total: 421 creatures vanquished

Notes
Turn   | Place    | Note
-------+----------+-------------------------------------------
     0 | D:1      | LLlMATKO the Minotaur Berserker began the quest for the
                  | Orb.
     0 | D:1      | Reached XP level 1. HP: 19/19 MP: 0/0
    16 | D:1      | Reached XP level 2. HP: 27/27 MP: 1/1
   206 | D:1      | Reached XP level 3. HP: 33/33 MP: 2/2
   433 | D:1      | Found Vipruh's Armour Boutique.
   962 | D:1      | Reached ** piety under Trog
  1149 | D:2      | Reached XP level 4. HP: 36/41 MP: 3/3
  1958 | D:3      | Reached XP level 5. HP: 35/47 MP: 4/4
  2798 | D:1      | Bought a +0 buckler for 58 gold pieces
  3029 | D:4      | Found a glowing drain.
  3040 | Sewer    | Entered a sewer
  3064 | Sewer    | Reached *** piety under Trog
  3065 | Sewer    | Reached skill level 5 in Fighting
  3137 | Sewer    | Reached skill level 5 in Axes
  3282 | Sewer    | Reached XP level 6. HP: 56/56 MP: 5/5
  3302 | Sewer    | Reached skill level 1 in Shields
  3333 | Sewer    | Reached **** piety under Trog
  3444 | Sewer    | Identified the +3 leather armour "Quarr" {rPois rC- Slay+2}
  3964 | D:4      | Noticed Menkaure
  3967 | D:4      | Noticed Eustachio
  3977 | D:4      | Killed Menkaure
  3978 | D:4      | Reached XP level 7. HP: 35/62 MP: 6/6
  3984 | D:4      | Killed Eustachio
  3985 | D:4      | Reached skill level 5 in Armour
  4323 | D:4      | Noticed Grinder
  4335 | D:4      | Killed Grinder
  4336 | D:4      | Reached skill level 5 in Dodging
  4511 | D:4      | Found a burning altar of Makhleb.
  4596 | D:4      | Reached XP level 8. HP: 59/71 MP: 7/7
  4928 | D:5      | Entered Level 5 of the Dungeon
  4928 | D:5      | Found a runed translucent door.
  4984 | D:5      | Noticed NimIero's ghost (amateur OpFE)
  5025 | D:5      | Noticed Blork the orc
  5038 | D:5      | Killed Blork the orc
  5306 | D:5      | Found a runed translucent door.
  5307 | D:5      | Noticed Crazy Yiuf
  5481 | D:5      | Killed NimIero's ghost
  5482 | D:5      | Reached skill level 5 in Shields
  5566 | D:5      | Killed Crazy Yiuf
  5756 | D:6      | Found an opulent altar of Gozag.
  5874 | D:6      | Reached XP level 9. HP: 56/79 MP: 8/8
  6037 | D:6      | Found a shadowy altar of Dithmenos.
  6079 | D:6      | Found a staircase to the Ecumenical Temple.
  6763 | D:7      | Noticed a +0 hand axe
  6763 | D:7      | Noticed a +0 hand axe
  6766 | D:7      | Found a hide-covered altar of Uskayaw.
  6766 | D:7      | Noticed an unseen horror
  6784 | D:7      | Killed an unseen horror
  6888 | D:7      | Paralysed by a hornet for 3 turns
  7202 | D:7      | Identified the +2 hand axe of Irritation {spect, rPois rC-
                  | Str-3 SInv}
  7230 | D:7      | Noticed a two-headed ogre
  7238 | D:7      | Killed a two-headed ogre
  7609 | D:7      | Reached XP level 10. HP: 86/90 MP: 9/9
  7899 | D:7      | Found a glowing silver altar of Zin.
  7899 | D:7      | Found an ornate altar of the Wu Jian Council.
  7904 | D:7      | Found a stormy altar of Qazlal.
  7907 | D:7      | Found a white marble altar of Elyvilon.
  7910 | D:7      | Found a shimmering blue altar of Sif Muna.
  7915 | D:7      | Found a broken altar of Ashenzari.
  7966 | D:8      | Noticed Grum
  7979 | D:8      | Killed Grum
  8270 | D:8      | Found a radiant altar of Vehumet.
  8442 | D:8      | Found a bloodstained altar of Trog.
  8442 | D:8      | Found an iron altar of Okawaru.
  8442 | D:8      | Noticed Erica
  8448 | D:8      | Killed Erica
  8605 | D:8      | Found a hazy altar of Hepliaklqana.
  8665 | D:8      | Noticed a two-headed ogre
  8673 | D:8      | Killed a two-headed ogre
  8978 | D:8      | Noticed Joseph
  8986 | D:8      | Killed Joseph
  9285 | D:9      | Found a sacrificial altar of Ru.
  9474 | D:9      | Found a blossoming altar of Fedhas.
  9888 | D:9      | Found a staircase to the Lair.
  9907 | D:9      | Reached skill level 10 in Fighting
 10165 | D:9      | Reached ***** piety under Trog
 10166 | D:9      | Reached XP level 11. HP: 83/99 MP: 10/10
 10230 | D:9      | Found a sparkling altar of Nemelex Xobeh.
 10257 | D:9      | Reached skill level 10 in Axes
 10815 | Lair:1   | Entered Level 1 of the Lair of Beasts
 11462 | Lair:1   | Noticed Sonja
 11465 | Abyss:1  | Cast into level 1 of the Abyss (Sonja)
 11473 | Lair:1   | Escaped the Abyss
 11480 | Lair:1   | Killed Sonja
 11481 | Lair:1   | Reached skill level 10 in Armour
 12482 | Lair:2   | Found a staircase to the Swamp.
 13000 | Lair:2   | Noticed a four-headed hydra
 13008 | Lair:2   | Killed a seven-headed hydra
 13009 | Lair:2   | Reached skill level 10 in Dodging
 13009 | Lair:2   | Reached skill level 10 in Shields
 13144 | Lair:2   | Reached XP level 12. HP: 110/110 MP: 11/11
 14568 | Lair:3   | Noticed a four-headed hydra
 14574 | Lair:3   | Killed a seven-headed hydra
 14657 | Lair:3   | Noticed Snorg
 14663 | Lair:3   | Killed Snorg
 14839 | Lair:3   | Found a hole to the Spider Nest.
 14845 | Lair:3   | Received a gift from Trog
 15011 | Lair:3   | Noticed a five-headed hydra
 15018 | Lair:3   | Killed an eight-headed hydra
 15135 | Lair:3   | Noticed a seven-headed hydra
 15144 | Lair:3   | Killed a ten-headed hydra
 15745 | Lair:4   | Noticed an eight-headed hydra
 15753 | Lair:4   | Killed an 11-headed hydra
 16014 | Lair:4   | Found a viscous altar of Jiyva.
 16015 | Lair:4   | Found a staircase to the Slime Pits.
 16097 | Lair:4   | Reached XP level 13. HP: 108/119 MP: 10/12
 17006 | Lair:5   | Entered Level 5 of the Lair of Beasts
 17612 | Lair:5   | HP: 5/122 [16-headed hydra (5)]
 17614 | Lair:5   | Slain by a 16-headed hydra

Illustrated notes

Levels and vault maps discovered:
D:1:      tarquinn_simple_flora_water_f, layout_loops_corners, serial_shops,
          shop
D:2:      layout_basic, serial_bayou_pond_b, minmay_misc_feat_cross,
          minmay_misc_feat_more_columns, chequers_serial_rivers_small_3,
          hangedman_decor_peaks_small, nicolae_figureground_sparkle
D:3:      layout_loops_corners
D:4:      layout_basic, makhleb_heckhound_becter, gup_sewer_entry_pipe,
          kennysheep_generic_room_13, uniq_grinder, uniq_menkaure,
          uniq_eustachio
D:5:      layout_basic, hellmonk_ghost_happy_afterlife, uniq_blork_the_orc,
          uniq_crazy_yiuf_cottage
D:6:      layout_basic, amcnicky_altar_gilded, mainiacjoe_overflow_catwalk,
          minmay_temple_entry_drinking_statues, chequers_serial_rivers_micro_b,
          kennysheep_opposing_triangles
D:7:      layout_basic, dancing_weapons_uskayaw,
          nicolae_overflow_hallway_of_the_gods
D:8:      layout_layer_cave, grunt_temple_overflow_bloody_war,
          lemuel_doored_altar, mainiacjoe_overflow_tiny_flanked, st_stairs_3,
          uniq_erica, uniq_joseph, uniq_grum
D:9:      layout_grid_maze, mainiacjoe_overflow_boulevard,
          nemelex_spade_bored_becter, mainiacjoe_overflow_concentric_impassable,
          david_lair_shrubbed
Lair:1:   layout_cave_pods, lemuel_fruit_tree, uniq_sonja
Lair:2:   layout_layer_cave, minmay_swamp_entry_swarm, forest_entry_grove
Lair:3:   layout_small_grid, spider_nest_entry_funnel_web,
          chequers_serial_rivers_micro_b, uniq_snorg
Lair:4:   layout_roguey, minmay_slime_entry_pillars, lemuel_fruit_fields
Lair:5:   evilmike_catoblepas_cave, layout_hall_layers

Skill      XL: |  1  2  3  4  5  6  7  8  9 10 11 12 13 |
---------------+----------------------------------------+-----
Fighting       | 4 5 6 7 8 10 11 12 13 | 13.3
Axes           | 4 5 6 7 8 9 11 12 13 | 13.3
Armour         | 3 4 5 6 8 9 11 12 13 | 13.0
Dodging        | 3 4 5 6 7 8 10 11 12 | 12.0
Shields        | 2 3 5 6 8 10 11 12 | 12.3

Action                     |  1- 3 |  4- 6 |  7- 9 | 10-12 | 13-15 || total
---------------------------+-------+-------+-------+-------+-------++-------
  Melee: Hand axe          |    70 |   185 |   241 |   125 |     4 ||   625
         Headbutt          |    14 |    17 |    50 |    82 |    19 ||   182
         War axe           |       |       |       |   215 |   112 ||   327
  Throw: Dart              |       |       |       |       |     2 ||     2
         Throwing net      |       |       |       |       |     2 ||     2
 Invoke: Berserk           |     1 |     3 |     8 |    14 |     3 ||    29
         Trog's Hand       |       |       |     1 |       |     1 ||     2
         Brothers in Arms  |       |       |       |       |     1 ||     1
    Use: Scroll            |       |     8 |     1 |     4 |     3 ||    16
         Potion            |       |       |     1 |       |       ||     1
   Stab: Sleeping          |     1 |       |       |       |       ||     1
         Distracted        |       |       |       |     2 |       ||     2
 Armour: Animal skin       |     6 |     2 |       |       |       ||     8
         Ring mail         |       |    59 |    29 |       |       ||    88
         Chain mail        |       |       |    44 |    26 |       ||    70
         Scale mail        |       |       |       |   160 |   109 ||   269
  Dodge: Dodged            |    44 |   102 |   127 |   284 |   147 ||   704
  Block: Buckler           |       |    16 |    33 |   163 |    90 ||   302
